 Dungeon Crawl Stone Soup version 0.19.1 (webtiles) character file.

47744 Haldmier the Severer (level 14, -12/94 HPs)
             Began as a Gargoyle Gladiator on Dec 19, 2016.
             Was a High Priest of Makhleb.
             Killed from afar by a balrug (23 damage)
             ... with a bolt of fire
             ... summoned by the player character
             ... on level 6 of the Lair of Beasts on Dec 20, 2016.
             The game lasted 01:09:32 (17650 turns).

Haldmier the Severer (Gargoyle Gladiator)          Turns: 17650, Time: 01:09:33

Health: -12/94     AC: 23    Str: 15    XL:     14   Next: 43%
Magic:  0/19       EV:  9    Int:  9    God:    Makhleb [*****.]
Gold:   811        SH:  4    Dex: 17    Spells: 0 memorised, 13 levels left

rFire  . . .     SeeInvis +     a - +7 hand axe "Hoduwkimya" {holy, rC++ Str-4 Dex+4 Stlth+}
rCold  + + .     Gourm    .     T - +0 chain mail {rN+}
rNeg   + + .     Faith    .     Q - +0 buckler
rPois  ∞         Spirit   +     c - +1 helmet
rElec  +         Reflect  .     v - +0 cloak
rCorr  .         Harm     .     (no gloves)
MR     +....                    (no boots)
Stlth  ..........               s - amulet of guardian spirit
                                K - ring of see invisible
                                (no ring)

@: liquid flames, glowing
A: big wings, claws 1, negative energy resistance 1, electricity resistance,
weak 1, unbreathing, petrification resistance, rot immunity, AC +9
a: Fly, Minor Destruction, Lesser Servant of Makhleb, Major Destruction, Greater
Servant of Makhleb, Renounce Religion


You were on level 6 of the Lair of Beasts.
You worshipped Makhleb.
Makhleb was extremely pleased with you.
You were very hungry.

You visited 2 branches of the dungeon, and saw 15 of its levels.
You also visited: Labyrinth, Sewer, Ossuary and Bailey.

You collected 811 gold pieces.

Inventory:

Hand Weapons
 a - the +7 hand axe "Hoduwkimya" (weapon) {holy, rC++ Str-4 Dex+4 Stlth+}
   (You found it on level 9 of the Dungeon)

   It has been blessed by the Shining One to cause great damage to the undead
   and demons.
   It affects your strength (-4).
   It affects your dexterity (+4).
   It greatly protects you from cold.
   It makes you more stealthy.
 b - a +4 spear of freezing
 r - a +0 battleaxe
Missiles
 d - 3 throwing nets
 h - 73 tomahawks of returning (quivered)
Armour
 c - a +1 helmet (worn)
 v - a +0 cloak (worn)
 Q - a +0 buckler (worn)
 T - a +0 chain mail of positive energy (worn)
Jewellery
 s - an amulet of guardian spirit (around neck)
 K - a ring of see invisible (right claw)
Wands
 l - a wand of lightning (9/15)
 F - a wand of paralysis (24/24)
 U - a wand of iceblast (6/15)
Scrolls
 e - 10 scrolls of teleportation
 j - 2 scrolls of enchant weapon
 m - a scroll of identify
 n - 4 scrolls of fear
 p - a scroll of silence {unknown}
 q - 9 scrolls of remove curse
 t - a scroll of fog
 E - 2 scrolls of magic mapping
Potions
 g - a potion of invisibility
 o - 3 potions of cancellation
 x - 5 potions of might
 z - 9 potions of heal wounds
 B - 6 potions of lignification
 C - a potion of haste
 D - a potion of agility
 N - 4 potions of curing {unknown}
 W - 2 potions of magic
Books
 i - a book of Frost

   Spells                             Type                      Level
   a - Freeze                         Ice                          1
   b - Throw Frost                    Conjuration/Ice              2
   c - Ozocubu's Armour               Charms/Ice                   3
   d - Throw Icicle                   Conjuration/Ice              4
   e - Summon Ice Beast               Ice/Summoning                4
Comestibles
 f - 11 bread rations
 k - 3 meat rations
 V - 7 fruits


   Skills:
 + Level 13.1 Fighting
 * Level 15.2 Axes
 - Level 1.7 Throwing
 + Level 7.0 Armour
 + Level 5.9 Dodging
 + Level 7.1 Invocations


You had 13 spell levels left.
You didn't know any spells.

Dungeon Overview and Level Annotations

Branches:
Dungeon (9/15)             Temple (0/1) D:6            Lair (6/6) D:9
 Shoals (0/4) Lair:4        Snake (0/4) Lair:3        Slime (0/5) Lair:6
    Orc: D:9-12

Altars:
Cheibriados
Dithmenos
Elyvilon
Fedhas
Gozag
Hepliaklqana
Kikubaaqudgha
Makhleb
Nemelex Xobeh
Vehumet
Yredelemnul
Zin
Jiyva

Shops:
D:9 %


Innate Abilities, Weirdness & Mutations

You are resistant to torment.
Your stone body is resilient. (AC +9)
You are immune to poison.
Your large and strong wings let you fly indefinitely.
You resist negative energy. (rN+)
You are resistant to electric shocks. (rElec)
You can survive without breathing.
You are immune to petrification.
You are immune to rotting.
You have sharp fingernails.
You are weak. (Str -2)


Message History

You regained 2 hp, and now have 8/94 hp.
You now have 1/19 mp.
Okay, then.
You feel much better.
You are engulfed in a cloud of scalding steam.
The komodo dragon is engulfed in a cloud of scalding steam.
The komodo dragon bites you but does no damage.
The balrug gestures at you. The bolt of fire hits you!
* * * LOW HITPOINT WARNING * * *
You regained 3 hp, and now have 11/94 hp.
You now have 0/19 mp.
The komodo dragon is engulfed in a cloud of scalding steam.
The komodo dragon dies!
The mottled dragon breathes sticky fire at you.
The sticky flame hits you!
You are covered in liquid flames!
The balrug gestures at you. The bolt of fire hits you!
You die...

###....###.[......)####...#.## #.
#.....#.#.###.......##.#..#..###.
#........##.....P..#.##..##.P##..
#P...................P)..#..###..
##.....###...................##..
#......##..#.........P...P#.##..
############..........#..##.###.
♣♣♣♣♣♣♣♣ ###§§(≈≈P#....##..#..
♣♣...≈≈P♣ ♣♣♣§@§≈♣♣#...........
♣..P≈≈≈≈♣♣♣♣♣.♣§.§♣♣ #...##..##.#
♣..≈≈≈≈DD.♣...♣§2§♣♣ ####.####..#
..≈†.♣♣≈≈.♣♣D.♣♣♣DD♣ #.## #....
.≈≈†..♣♣♣≈..♣DP♣.≈≈♣ ### #....
≈≈≈≈.P♣.≈≈..♣..♣D≈♣♣ ##.##
≈≈≈≈DP♣♣≈≈..♣♣♣≈≈..♣ ########.#
≈≈≈≈≈≈♣♣♣≈≈.P♣♣≈..♣♣ ##...#P...#
≈≈≈≈≈≈. ♣P≈≈♣♣≈≈♣.P♣ #.........#


You could see a fire dragon, a balrug and a mottled dragon.

Vanquished Creatures
  A minotaur (Lab)
  3 hydras
  4 death yaks
  Sonja (Lair:1)
  Nergalle (Lair:1)
  A hill giant (D:9)
  Pikel (D:9)
  A shining eye (Lair:6)
  A siren (Lair:4)
  Joseph (D:9)
  3 elephants (Lair:4)
  2 black mambas (Lair:4)
  7 spiny frogs
  The ghost of Philosophy the Shield-Bearer, a novice FoFi (Sewer)
  6 komodo dragons
  3 rime drakes (Lair:6)
  2 trolls (D:9)
  A polar bear (Lair:2)
  11 blink frogs
  A minotaur skeleton (Lab)
  4 hippogriffs
  A basilisk (Lair:6)
  4 wyverns
  A wraith (Ossuary)
  25 yaks
  Eustachio (D:4)
  5 hungry ghosts (Lab)
  3 porcupines
  9 water moccasins
  A sky beast (D:5)
  2 slaves (D:9)
  2 orc warriors
  3 swamp drakes (Lair:6)
  3 phantoms
  2 necrophages (D:9)
  An ogre (D:7)
  12 crocodiles
  3 centaurs
  5 big kobolds (Sewer)
  Blork the orc (D:6)
  8 bullfrogs
  A scorpion (D:4)
  6 killer bees (D:9)
  An electric eel (Lair:4)
  A vampire bat (Lair:6)
  4 wights (D:7)
  6 howler monkeys
  2 crimson imps
  A bullfrog zombie (D:6)
  A quasit (D:6)
  2 jellies
  6 hounds
  3 orc priests
  A gnoll shaman (D:7)
  11 orc wizards
  2 centaur skeletons (D:4)
  6 iguanas
  12 worker ants
  A killer bee zombie (D:9)
  A mummy (Ossuary)
  Robin (D:2)
  23 gnolls
  A howler monkey zombie (D:7)
  12 adders
  7 river rats
  3 shadow imps
  6 oozes
  An adder zombie (D:6)
  4 worms
  6 dart slugs
  4 leopard geckos
  25 orcs
  9 giant cockroaches
  14 goblins
  23 hobgoblins
  10 jackals
  2 quokkas
  3 ball pythons (Sewer)
  20 bats
  7 frilled lizards
  5 gnoll skeletons (Ossuary)
  2 jackal skeletons
  21 kobolds
  5 kobold skeletons (Ossuary)
  A leopard gecko skeleton (D:7)
  15 orc skeletons (Ossuary)
  A quokka skeleton (D:3)
  24 rats
  3 fungi
  2 plants (Lair:6)
476 creatures vanquished.

Vanquished Creatures (others)
  A komodo dragon (Lair:6)
  2 orc wizards
  7 fungi
  4 plants (Lair:6)
14 creatures vanquished.

Grand Total: 490 creatures vanquished

Notes
Turn   | Place    | Note
-------+----------+-------------------------------------------
     0 | D:1      | Haldmier the Gargoyle Gladiator began the quest for the Orb.
     0 | D:1      | Reached XP level 1. HP: 12/12 MP: 1/1
   268 | D:1      | Reached skill level 3 in Axes
   268 | D:1      | Reached XP level 2. HP: 18/18 MP: 2/2
   562 | D:1      | Reached XP level 3. HP: 22/22 MP: 3/3
   929 | D:2      | Noticed Robin
  1328 | D:2      | Reached XP level 4. HP: 25/28 MP: 4/4
  1601 | D:2      | Killed Robin
  1601 | D:2      | Reached skill level 4 in Axes
  1795 | D:2      | Found a glowing silver altar of Zin.
  2205 | D:3      | Reached XP level 5. HP: 33/33 MP: 5/5
  2570 | D:3      | Found an opulent altar of Gozag.
  2715 | D:3      | Found a faded altar of an unknown god.
  2715 | D:3      | Found a faded altar of an unknown god.
  2725 | D:3      | Found a faded altar of an unknown god.
  2727 | D:3      | Found a basalt altar of Yredelemnul.
  2728 | D:3      | Found a faded altar of an unknown god.
  2898 | D:4      | Reached XP level 6. HP: 36/39 MP: 6/6
  2923 | D:4      | Reached skill level 5 in Axes
  3231 | D:4      | Noticed Eustachio
  3271 | D:4      | Killed Eustachio
  3271 | D:4      | Reached skill level 5 in Fighting
  3271 | D:4      | Reached XP level 7. HP: 27/44 MP: 3/7
  3411 | D:4      | Reached skill level 6 in Axes
  3868 | D:5      | Entered Level 5 of the Dungeon
  3899 | D:5      | Found a sand-covered staircase.
  3906 | Ossuary  | Entered an ossuary
  3906 | Ossuary  | Noticed a wraith
  3906 | Ossuary  | Noticed a wraith
  3906 | Ossuary  | Noticed a wraith
  4237 | Ossuary  | Noticed a wraith
  4272 | Ossuary  | Killed a wraith
  4327 | D:5      | Gained mutation: You have sharp fingernails. [potion of beneficial mutation]
  4342 | D:5      | Reached skill level 7 in Axes
  4342 | D:5      | Reached XP level 8. HP: 49/51 MP: 6/8
  4367 | D:5      | Found a burning altar of Makhleb.
  4367 | D:5      | Noticed a green death
  4370 | D:5      | Noticed a hellwing
  4372 | D:5      | Became a worshipper of Makhleb the Destroyer
  4425 | D:5      | Found a radiant altar of Vehumet.
  4926 | D:5      | Reached skill level 8 in Axes
  5342 | D:6      | Reached * piety under Makhleb
  5412 | D:6      | Found a staircase to the Ecumenical Temple.
  5482 | D:6      | Noticed Blork the orc
  5490 | D:6      | Killed Blork the orc
  5490 | D:6      | Reached XP level 9. HP: 53/57 MP: 9/9
  5579 | D:6      | Found a glowing drain.
  5613 | D:6      | Reached skill level 9 in Axes
  5625 | Sewer    | Entered a sewer
  5627 | Sewer    | Noticed Philosophy's ghost (novice FoFi)
  5642 | Sewer    | Killed Philosophy's ghost
  6562 | Sewer    | Reached ** piety under Makhleb
  6713 | D:6      | Reached skill level 10 in Axes
  6994 | D:6      | Found a sparkling altar of Nemelex Xobeh.
  6994 | D:6      | Found a hazy altar of Hepliaklqana.
  7294 | D:7      | Found a snail-covered altar of Cheibriados.
  7521 | D:7      | Found a shadowy altar of Dithmenos.
  7693 | D:7      | Found a snail-covered altar of Cheibriados.
  8034 | D:8      | Reached XP level 10. HP: 59/65 MP: 10/10
  8202 | D:8      | Found a blossoming altar of Fedhas.
  8517 | D:9      | Found Vofe's Food Emporium.
  8547 | D:9      | Noticed Joseph
  8572 | D:9      | Killed Joseph
  8572 | D:9      | Reached skill level 11 in Axes
  8641 | D:9      | Found a white marble altar of Elyvilon.
  8709 | D:9      | Reached *** piety under Makhleb
  8733 | D:9      | Found a flagged portal.
  8830 | D:9      | Got a dazzling hand axe
  8834 | D:9      | Identified the +7 hand axe "Hoduwkimya" {holy, rC++ Str-4 Dex+4 Stlth+} (You found it on level 9 of the Dungeon)
  8860 | Bailey   | Entered a bailey
  9035 | Bailey   | Reached **** piety under Makhleb
  9317 | D:9      | Found a staircase to the Lair.
  9392 | D:9      | Noticed Pikel
  9408 | D:9      | Killed Pikel
  9408 | D:9      | Reached skill level 10 in Fighting
  9459 | D:9      | Noticed a hill giant
  9469 | D:9      | Killed a hill giant
  9469 | D:9      | Reached skill level 12 in Axes
  9623 | D:9      | Found an ancient bone altar of Kikubaaqudgha.
  9665 | D:9      | Reached XP level 11. HP: 53/73 MP: 4/11
  9827 | D:9      | Got a bloodstained great mace
 10084 | Lair:1   | Entered Level 1 of the Lair of Beasts
 10099 | Lair:1   | Noticed Sonja
 10115 | Lair:1   | Killed Sonja
 10176 | Lair:1   | Identified the +6 great mace "Xoqur" {protect, *Rage Int+4 SInv} (You found it on level 9 of the Dungeon)
 10264 | Lair:1   | Noticed Nergalle
 10291 | Lair:1   | Killed Nergalle
 10327 | Lair:1   | Reached skill level 13 in Axes
 10485 | Lair:1   | Reached skill level 1 in Invocations
 11038 | Lair:1   | Reached skill level 1 in Armour
 12196 | Lair:3   | Reached XP level 12. HP: 80/80 MP: 14/14
 12247 | Lair:3   | Got a crude silver ring
 12498 | Lair:3   | Found a staircase to the Snake Pit.
 12521 | Lair:3   | Reached ***** piety under Makhleb
 12888 | Lair:3   | Identified the ring "Lamnaogi" {*Corrode +Fly MP+9 Int+4 Stlth+} (You found it on level 3 of the Lair of Beasts)
 13148 | Lair:4   | Noticed a four-headed hydra
 13162 | Lair:4   | Killed a four-headed hydra
 13327 | Lair:4   | Found a staircase to the Shoals.
 13616 | Lair:4   | Reached skill level 14 in Axes
 14172 | Lair:5   | Noticed a death yak
 14172 | Lair:5   | Noticed a death yak
 14173 | Lair:5   | Noticed a death yak
 14175 | Lair:5   | Noticed a death yak
 14228 | Lair:4   | Killed a death yak
 14235 | Lair:4   | Killed a death yak
 14235 | Lair:4   | Reached skill level 5 in Invocations
 14611 | Lair:5   | Killed a death yak
 14921 | Lair:5   | Noticed a four-headed hydra
 14940 | Lair:5   | Killed a four-headed hydra
 14940 | Lair:5   | Reached skill level 5 in Armour
 15033 | Lair:5   | Reached XP level 13. HP: 81/87 MP: 14/17
 15471 | Lair:6   | Entered Level 6 of the Lair of Beasts
 15499 | Lair:5   | Reached skill level 5 in Dodging
 15522 | Lair:6   | Got a steaming silver ring
 15608 | Lair:6   | Identified the amulet of Payphutu {RegenMP rN+ MR+} (You found it on level 6 of the Lair of Beasts)
 15674 | Lair:6   | Found a labyrinth entrance.
 15705 | Lair:6   | Identified the ring of the Sturgeon {rPois Str+5} (You found it on level 6 of the Lair of Beasts)
 15708 | Lab      | Entered a labyrinth
 16329 | Lab      | Noticed a minotaur
 16362 | Lab      | Killed a minotaur
 16376 | Lab      | Identified Nunocez's Tome of Attacks and Talismans
 16667 | Lair:1   | Gained mutation: Your large and strong wings let you fly indefinitely. [Gargoyle growth]
 16667 | Lair:1   | Reached XP level 14. HP: 92/92 MP: 17/19
 16978 | Lair:6   | Reached skill level 15 in Axes
 17395 | Lair:6   | Found a viscous altar of Jiyva.
 17395 | Lair:6   | Found a staircase to the Slime Pits.
 17541 | Lair:6   | Gained mutation: You are weak. (Str -2) [a shining eye]
 17644 | Lair:6   | Noticed a balrug
 17650 | Lair:6   | Killed from afar by a balrug

Skill      XL: |  1  2  3  4  5  6  7  8  9 10 11 12 13 14 |
---------------+-------------------------------------------+-----
Axes           | 3 4 5 7 8 10 12 13 14 15 | 15.2
Fighting       | 3 4 5 6 7 8 10 11 12 13 | 13.1
Invocations    | 2 5 6 7 |  7.1
Armour         | 2 5 6 7 |  7.0
Dodging        | 3 4 5 |  5.9
Throwing       | |  1.7

Action                   |  1- 3 |  4- 6 |  7- 9 | 10-12 | 13-15 || total
-------------------------+-------+-------+-------+-------+-------++-------
Melee: War axe           |   114 |   251 |   275 |   145 |       ||   785
       Halberd           |       |       |   317 |       |       ||   317
       Hand axe          |       |       |       |   784 |   299 ||  1083
       Spear             |       |       |       |    24 |     9 ||    33
Throw: Tomahawk          |       |       |       |     6 |     4 ||    10
Invok: Greater Servant o |       |       |       |       |     1 ||     1
Evoke: Wand              |       |       |       |       |     2 ||     2
  Use: Scroll            |       |       |    12 |    10 |     6 ||    28
       Potion            |       |       |     3 |       |     3 ||     6
 Stab: Confused          |       |       |       |       |     2 ||     2
  Eat: Chunk             |     1 |     7 |    17 |    22 |     3 ||    50
       Pizza             |       |       |       |     1 |     1 ||     2
       Fruit             |       |       |       |       |     4 ||     4
       Beef jerky        |       |       |       |       |     3 ||     3
Armor: Leather armour    |    60 |     8 |       |       |       ||    68
       Chain mail        |       |   214 |   165 |   365 |   122 ||   866
       Ring mail         |       |       |   207 |    75 |       ||   282
       Skin              |       |       |    20 |       |       ||    20
Dodge: Dodged            |   102 |   150 |   248 |   307 |    71 ||   878
Block: Buckler           |       |       |       |   113 |    33 ||   146
